 Seeded DCSS version 0.28-a0-957-g42eb19b844 (webtiles) character file.

Game seed: 20211188 (custom seed)

5803 a11behringer the Cleaver (level 10, -10/129 HPs)
             Began as a Minotaur Berserker on Nov 30, 2021.
             Was an Elder of Trog.
             Mangled by a komodo dragon (16 damage)
             ... on level 10 of the Dungeon.
             The game lasted 00:27:22 (8019 turns).

a11behringer the Cleaver (Minotaur Berserker)       Turns: 8019, Time: 00:27:23

Health: -10/129    AC: 22    Str: 25    XL:     10   Next: 50%
Magic:  9/9        EV:  8    Int:  4    God:    Trog [****..]
Gold:   385        SH:  6    Dex: 11    Spells: 9/9 levels left

rFire   + . .      SeeInvis .   B - +7 spear "Zaqecle" {elec, rF+}
rCold   . . .      Faith    .   g - +1 buckler {rPois}
rNeg    . . .      Spirit   .   f - +0 plate armour
rPois   +          Reflect  .   e - +2 hat
rElec   .          Harm     .   k - +0 cloak
rCorr   +          Rampage  .   J - +1 pair of gloves
Will    ++...                   n - +1 pair of boots
Stlth   ..........              (no amulet)
HPRegen 1.31/turn               u - ring of resist corrosion
MPRegen 0.11/turn               (no ring)

@: berserking (expiring), lethally poisoned (-10 -> -10), strong-willed,
regenerating, very quick
A: horns 2, retaliatory headbutt
a: Renounce Religion, Berserk, Trog's Hand, Brothers in Arms


You were on level 10 of the Dungeon.
You worshipped Trog.
Trog was greatly pleased with you.
You visited 1 branch of the dungeon, and saw 10 of its levels.
You also visited: Sewer.

You collected 385 gold pieces.

Inventory:

Hand Weapons
 a - a +1 hand axe
 r - a +2 vorpal hunting sling
 z - a +0 war axe
 B - the +7 spear "Zaqecle" (weapon) {elec, rF+}
   (You found it on level 6 of the Dungeon)

   It occasionally discharges a powerful burst of electricity upon striking a
   foe.
   rF:        It protects you from fire.
 H - a +0 glaive
 N - a +2 vorpal shortbow
 R - a +4 trident
Missiles
 c - 63 poisoned darts (quivered)
 h - 201 arrows
 m - 79 bolts
 s - 204 stones
 w - 6 javelins
 y - 42 sling bullets
Armour
 b - a +0 animal skin
 e - a +2 hat (worn)
 f - a +0 plate armour (worn)
 g - a +1 buckler of poison resistance (worn)
 k - a +0 cloak (worn)
 n - a +1 pair of boots (worn)
 F - a +0 troll leather armour
 J - a +1 pair of gloves (worn)
 Q - the +3 ring mail of the Black Moon {Str+4}
   (You found it on level 9 of the Dungeon)

   Str:       It affects your strength (+4).
Jewellery
 u - a ring of resist corrosion (left hand)
 D - an amulet of the acrobat
Wands
 j - a wand of acid (17)
 l - a wand of paralysis (7)
 p - a wand of iceblast (8)
 t - a wand of flame (13)
Scrolls
 d - 5 scrolls of teleportation
 o - a scroll of immolation
 E - a scroll of enchant weapon
 G - a scroll of summoning {unknown}
 I - a scroll of silence
 M - 2 scrolls of identify
 S - a scroll of holy word
Potions
 i - 8 potions of curing
 q - 2 potions of flight
 v - a potion of degeneration {unknown}
 x - a potion of heal wounds
 A - 4 potions of haste
 C - 2 potions of brilliance
 K - a potion of lignification {unknown}
 L - a potion of magic {unknown}
 O - a potion of might {unknown}
Miscellaneous
 P - a piece from Xom's chessboard (15/15)


   Skills:
 + Level 7.3 Fighting
 + Level 10.7(12.4) Axes
 * Level 10.2(12.1) Polearms
 + Level 9.0 Armour
 + Level 2.9 Dodging
 + Level 5.7 Shields


You had 9 spell levels left.
You didn't know any spells.
Your spell library was empty.

Dungeon Overview and Level Annotations

Branches:
Dungeon (10/15)            Temple (0/1) D:7            Lair (0/6) D:9
  Sewer (visited)
    Orc: D:9-12

Altars:
Hepliaklqana
Wu Jian

Shops:
D:2 =   D:5 :   D:7 *   D:9 ([


Innate Abilities, Weirdness & Mutations

You have a pair of horns on your head.
You reflexively headbutt those who attack you in melee.


Message History

Trog accepts your kill. The meliai hits you with a +0 war axe.
* * * LOW HITPOINT WARNING * * *
The meliai stings you.
* * * LOW HITPOINT WARNING * * *
You feel sick.
Things that are here:
a +0 vorpal hand axe; a +0 robe; a meliai corpse You feel a strong urge to attack something.
You feel sick. The meliai closely misses you.
The meliai stings you but does no damage.
The meliai barely misses you. You furiously retaliate!
You headbutt the meliai! The meliai closely misses you.
The meliai hits you but does no damage. The meliai closely misses you.
You hit the meliai.
The meliai is heavily wounded.
You feel sick. You block the meliai's attack.
The meliai stings you but does no damage.
You closely miss the meliai. Your headbutt misses the meliai.
The meliai is heavily wounded.
You puncture the meliai!
You kill the meliai!
Trog accepts your kill.
Your base Polearms skill increases to level 10!
You closely miss the meliai. Your headbutt misses the meliai.
You barely miss the meliai.
You feel sick. The meliai hits you but does no damage. The meliai stings you!
* * * LOW HITPOINT WARNING * * *
You puncture the meliai! Your headbutt misses the meliai.
The meliai is severely wounded.
The meliai hits you with a +0 war axe!
* * * LOW HITPOINT WARNING * * *
The meliai stings you but does no damage.
You impale the meliai!! Lightning courses through the meliai!
You feel the power of Trog in you as your rage grows.
You kill the meliai!
Trog accepts your kill.
Your Armour skill increases to level 9!
You feel sick. The komodo dragon bites you!
You die...

.........<#######
..........# #######.###
#..# ###.## #...#
###'######### ###+
#.††........##### .....
#...........'.@l#......
#...........###.'......
#...........# ###......
#...........# ......
#...........# #####
#############


You could see a komodo dragon.

Vanquished Creatures
  2 kobold demonologists (D:9)
  A komodo dragon (D:9)
  3 meliai (D:10)
  A wyvern (D:9)
  2 steam dragons
  3 vampire mosquitoes (D:10)
  2 water moccasins
  An acid dragon (D:6)
  2 sky beasts
  2 orc warriors
  An ice beast (D:8)
  2 ogres
  5 centaurs
  3 kobold brigands (D:9)
  2 bullfrogs
  A scorpion (D:6)
  A wyvern skeleton (D:7)
  A water moccasin skeleton (D:4)
  8 killer bees (D:9)
  3 wights (D:9)
  A bullfrog zombie (D:6)
  5 jellies
  2 orc priests
  2 hounds
  Crazy Yiuf (D:4)
  8 orc wizards
  4 iguanas
  Natasha (thrice) (D:2)
  2 centaur skeletons (D:7)
  A killer bee zombie (D:8)
  A hound skeleton (D:5)
  2 howler monkey zombies
  7 gnolls
  A howler monkey skeleton (D:4)
  7 adders
  A white imp (D:6)
  An adder skeleton (D:4)
  2 dart slugs
  23 orcs
  5 bats
  8 endoplasms
  4 giant cockroaches
  10 hobgoblins
  12 jackals
  16 kobolds
  8 quokkas
  5 ball pythons
  8 frilled lizards
  6 goblins
  2 rats (D:2)
204 creatures vanquished.

Vanquished Creatures (collateral kills)
  A troll (D:9)
  2 kobolds (D:9)
3 creatures vanquished.

Vanquished Creatures (others)
  5 fungi (D:4)
  3 plants (D:9)
8 creatures vanquished.

Grand Total: 215 creatures vanquished

Notes
Turn   | Place    | Note
-------+----------+-------------------------------------------
     0 | D:1      | a11behringer the Minotaur Berserker began the quest for the
                  | Orb.
     0 | D:1      | Reached XP level 1. HP: 19/19 MP: 0/0
    38 | D:1      | Reached XP level 2. HP: 15/27 MP: 1/1
   385 | D:1      | Noticed a golden eye
   387 | D:1      | Found a faded altar of an unknown god.
   389 | D:1      | Noticed a great orb of eyes
   389 | D:1      | Noticed an eye of devastation
   389 | D:1      | Noticed a floating eye
   413 | D:1      | Reached ** piety under Trog
   481 | D:1      | Reached XP level 3. HP: 33/33 MP: 2/2
   669 | D:2      | Reached skill level 5 in Axes
   673 | D:2      | Reached XP level 4. HP: 41/41 MP: 3/3
   982 | D:2      | Found Cikuthroe's Jewellery Shop.
  1010 | D:2      | Found an ornate altar of the Wu Jian Council.
  1021 | D:2      | Noticed Natasha
  1024 | D:2      | Killed Natasha
  1026 | D:2      | Noticed Natasha
  1032 | D:2      | Killed Natasha
  1033 | D:2      | Reached XP level 5. HP: 47/47 MP: 4/4
  1197 | D:2      | Noticed Natasha
  1357 | D:3      | Noticed a centaur
  1363 | D:3      | Killed a centaur
  1420 | D:3      | Found a glowing drain.
  1429 | Sewer    | Entered a sewer
  1436 | Sewer    | Reached *** piety under Trog
  1477 | Sewer    | Noticed a water moccasin
  1483 | Sewer    | Killed a water moccasin
  1484 | Sewer    | Reached skill level 5 in Fighting
  1484 | Sewer    | Reached XP level 6. HP: 56/56 MP: 5/5
  1939 | D:2      | Killed Natasha
  2215 | D:4      | Identified a scroll of acquirement
  2215 | D:4      | Acquired a +1 buckler of poison resistance
  2252 | D:4      | Reached XP level 7. HP: 61/61 MP: 6/6
  2385 | D:4      | Found a runed translucent door.
  2386 | D:4      | Noticed Crazy Yiuf
  2393 | D:4      | Killed Crazy Yiuf
  2618 | D:4      | Reached skill level 1 in Shields
  2814 | D:4      | Identified the +1 leather armour of Omifup {Str+2 Int+3}
  2911 | D:5      | Entered Level 5 of the Dungeon
  2911 | D:5      | Found Syunapuv's Book Shop.
  3295 | D:5      | Reached XP level 8. HP: 65/69 MP: 7/7
  3806 | D:6      | Reached skill level 10 in Axes
  3821 | D:6      | Identified the +7 spear "Zaqecle" {elec, rF+}
  4040 | D:6      | Reached **** piety under Trog
  4118 | D:6      | Reached skill level 5 in Armour
  4276 | D:6      | Reached skill level 1 in Polearms
  4876 | D:7      | Found Guuwkiut's Lightly-Used Armoury.
  4953 | D:7      | Found a staircase to the Ecumenical Temple.
  4996 | D:7      | Reached XP level 9. HP: 64/75 MP: 8/8
  5601 | D:8      | Found a transporter.
  5608 | D:8      | Found a transporter.
  5655 | D:8      | Found a transporter.
  5655 | D:8      | Found a transporter.
  5659 | D:8      | Found a transporter.
  5659 | D:8      | Found a transporter.
  5663 | D:8      | Reached skill level 5 in Polearms
  6096 | D:8      | Found a hazy altar of Hepliaklqana.
  6613 | D:9      | Noticed a troll
  6619 | D:9      | Killed a troll
  6620 | D:9      | Found Opuwub's Weapon Emporium.
  6901 | D:9      | Found Neadghio's Armour Shop.
  6942 | D:9      | Noticed a kobold demonologist
  6964 | D:9      | Killed a kobold demonologist
  6967 | D:9      | Noticed a kobold demonologist
  6986 | D:9      | Killed a kobold demonologist
  6987 | D:9      | Reached XP level 10. HP: 67/84 MP: 9/9
  7003 | D:9      | Reached skill level 5 in Shields
  7169 | D:9      | Identified the +3 ring mail of the Black Moon {Str+4}
  7477 | D:9      | Found a staircase to the Lair.
  7888 | D:10     | Entered Level 10 of the Dungeon
  8015 | D:10     | Reached skill level 10 in Polearms
  8017 | D:10     | HP: 6/129 [meliai (12)]
  8019 | D:10     | Mangled by a komodo dragon

Illustrated notes

Levels and vault maps discovered:
D:1:      wander_arrival_lonely_grave, layout_rooms,
          hellmonk_ecumenical_altar_watching_god, minmay_tetromino_i2
D:2:      layout_rooms, basic_altar, serial_shops, shop,
          minmay_misc_feat_four_crosses, minivault_25, eino_tiny_chamber,
          uniq_natasha
D:3:      layout_rooms, gup_sewer_entry_bubbles
D:4:      layout_rooms, uniq_crazy_yiuf_cottage
D:5:      layout_loops_ring, serial_shops, shop, nicolae_figureground_sparkle
D:6:      layout_rooms, amcnicky_mini_corridor_feature, eino_tiny_chamber,
          interstate_on_off, minmay_door_square, grunt_ministairs_13
D:7:      layout_basic, minmay_temple_entry_trees, minmay_shop_damaged,
          grunt_decor_junction
D:8:      layout_cave_pods, lemuel_coloured_pillars_altar, st_stairs_6,
          serial_nicolae_subway, nicolae_sub_station_stone,
          nicolae_sub_station_crystal, nicolae_sub_station_metal
D:9:      layout_loops_cross, david_lair_shrubbed, serial_shops, shop,
          nicolae_shop_crystal
D:10:     layout_roguey

Skill      XL: |  1  2  3  4  5  6  7  8  9 10 |
---------------+-------------------------------+-----
Axes           | 4 5 7 8 9 10 | 10.7
Fighting       | 4 5 6 7 |  7.3
Armour         | 3 4 6 8 9 |  9.0
Shields        | 1 3 4 5 |  5.7
Polearms       | 3 8 10 | 10.2
Dodging        | |  2.9

Action                   |  1- 3 |  4- 6 |  7- 9 | 10-12 || total
-------------------------+-------+-------+-------+-------++-------
Melee: Hand axe          |    62 |   159 |   115 |       ||   336
       Headbutt          |    13 |    26 |    52 |    15 ||   106
       Spear             |       |       |   195 |    71 ||   266
Invok: Berserk           |     1 |     3 |     3 |     1 ||     8
       Trog's Hand       |     1 |     2 |     3 |     1 ||     7
       Brothers in Arms  |       |       |     1 |       ||     1
  Use: Scroll            |       |     6 |     9 |       ||    15
Armor: Animal skin       |     4 |       |       |       ||     4
       Plate armour      |    45 |   117 |   164 |    40 ||   366
Dodge: Dodged            |    19 |    57 |    82 |    27 ||   185
Block: Buckler           |       |     1 |    52 |    23 ||    76

Table legend: (Time is in decaauts)
 A = Elapsed time spent in this place.
 B = Non-inter-level travel time spent in this place.
 C = Inter-level travel time spent in this place.
 D = Time resting spent in this place.
 E = Time spent auto-exploring this place.
 F = Levels seen in this place.
 G = Mean time per level.
                   A        B        C        D        E       F      G
               +--------+--------+--------+--------+--------+-----+--------+
         Total |   8019 |   6913 |   1106 |      0 |   5574 |  11 |  729.0 |
       Dungeon |   7884 |   6778 |   1106 |      0 |   5538 |  10 |  788.4 |
         Sewer |    135 |    135 |      0 |      0 |     36 |   1 |  135.0 |
               +--------+--------+--------+--------+--------+-----+--------+

Top non-repeatable levels by time:
     D:9: 1270 daAuts
     D:8: 1028 daAuts
     D:6: 873 daAuts
     D:7: 865 daAuts
     D:5: 864 daAuts
     D:2: 824 daAuts
     D:4: 767 daAuts
     D:1: 666 daAuts
     D:3: 608 daAuts
   Sewer: 135 daAuts
    D:10: 115 daAuts
